Tamiflu vs Senators
Created - 6 mars 2014 at 20:19
Goals
|
| Tamiflu |
1 |
3 |
4 |
8 |
| Senators |
0 |
1 |
3 |
4 |
|
Shots
|
| Tamiflu |
11 |
18 |
16 |
45 |
| Senators |
6 |
11 |
10 |
27 |
|
1st period
1. Tamiflu , Greg Mauldin 20 (Alex Picard, Nathan Oystrick) at 4:25
Penalties :
Stanislav Chistov (BIN) for Hooking (Minor) at 10:25
2nd period
2. Tamiflu , Nick Spaling 8 (Pavel Trnka, Colin Greening) at 2:58
3. Tamiflu , Jan Mursak 3 (Mattias Tedenby, Petr Pohl) at 7:09
4. Tamiflu , Mike Brown 38 (Alex Picard, Greg Mauldin) at 7:23
5. Senators , Gilbert Brule 42 (B.J. Crombeen, Milan Jurcina) at 8:53
Penalties :
Clayton Stoner (BIN) for Roughing (Minor) at 4:54, Milan Jurcina (BIN) for Checking from behind (Major) at 12:46
3rd period
6. Senators , Gilbert Brule 43 (Nikolai Kulemin, Ryan Parent) at 7:00
7. Tamiflu , Pavel Trnka 6 (Jonathan Sigalet) at 7:48
8. Tamiflu , Alex Picard 39 (Mike Brown, Greg Mauldin) at 8:52
9. Tamiflu , Petr Pohl 15 (Jordan Hendry, David Clarkson) at 11:21 (PP)
10. Tamiflu , Nick Spaling 9 (Petr Pohl, Jonathan Sigalet) at 12:05
11. Senators , Gilbert Brule 44 (Clayton Stoner) at 15:58
12. Senators , Brett Sterling 18 (Andrew Murray, Jack Skille) at 17:31
Penalties :
Mike Brown (Det) for Hooking (Minor) at 0:15, Mike Brown (Det) for High sticking (Minor) at 9:20, B.J. Crombeen (BIN) for Roughing (Minor) at 10:38, Vladimir Mihalik (BIN) for Hooking (Minor) at 17:53
Goalie Stats
Mike McKenna (Det), 23 saves from 27 shots - (0,852), W, 29-9-5, 60:00 minutes
Jason LaBarbera (BIN), 37 saves from 45 shots - (0,822), L, 2-5-1, 60:00 minutes
Players Stats for Tamiflu
Player Name G A P +/- PIM S H SB GA TA FO MP PP MP PK MP
------------------------------------------------------------------------------------
Adam Henrique 0 0 0 -1 0 1 0 1 0 1 6/14 16:10 4:23 0:00
Alex Picard 1 2 3 1 0 8 3 1 1 1 3/6 23:24 4:54 1:43
Casey Wellman 0 0 0 0 0 0 0 0 0 0 5/7 7:31 0:00 0:00
Cody Goloubef 0 0 0 0 0 0 0 0 0 0 0/0 5:11 0:00 0:00
Colin Greening 0 1 1 3 0 0 0 0 0 0 2/2 10:49 0:37 1:09
David Clarkson 0 1 1 -1 0 1 2 0 1 1 0/0 17:19 4:25 0:55
Greg Mauldin 1 2 3 1 0 3 3 0 0 1 20/38 21:48 4:54 0:25
Jan Mursak 1 0 1 0 0 4 0 0 1 1 0/0 7:31 0:00 0:00
Jani Rita 0 0 0 -1 0 1 2 0 0 1 2/2 18:37 4:28 1:42
Johan Fransson 0 0 0 0 0 0 0 0 0 1 0/0 8:51 0:24 0:00
Johan Ryno 0 0 0 0 0 0 0 0 0 0 0/0 1:22 1:15 0:00
Jonathan Sigalet 0 2 2 3 0 3 0 0 0 0 0/0 26:59 5:42 2:12
Jordan Hendry 0 1 1 0 0 1 1 0 0 1 0/0 18:59 4:52 1:05
Justin Braun 0 0 0 0 0 0 0 0 0 0 0/0 5:11 0:00 0:00
Kyle Lawson 0 0 0 0 0 1 0 0 0 0 0/0 8:51 0:24 0:00
Mattias Tedenby 0 1 1 0 0 3 0 0 0 0 0/0 7:31 0:00 0:00
Mike Brown 1 1 2 1 4 5 1 0 0 0 1/2 21:23 4:56 0:00
Nathan Oystrick 0 1 1 0 0 0 1 1 0 0 0/0 18:59 4:52 1:05
Nick Spaling 2 0 2 3 0 3 1 0 0 0 0/0 10:19 1:02 0:00
Pavel Trnka 1 1 2 3 0 6 1 6 1 0 0/0 26:59 5:42 2:12
Petr Pohl 1 2 3 3 0 5 3 1 0 0 1/1 10:40 1:04 0:00
Philippe Dupuis 0 0 0 0 0 0 0 0 0 0 0/0 0:00 0:00 0:00
Rich Clune 0 0 0 0 0 0 0 0 0 0 0/0 1:36 0:56 0:40
Teemu Laakso 0 0 0 0 0 0 0 0 0 0 0/0 0:00 0:00 0:00
Teigan Zahn 0 0 0 0 0 0 0 0 0 0 0/0 0:00 0:00 0:00
Players Stats for Senators
Player Name G A P +/- PIM S H SB GA TA FO MP PP MP PK MP
------------------------------------------------------------------------------------
Andrew Murray 0 1 1 -1 0 1 1 0 0 0 3/7 11:41 0:00 2:57
B.J. Crombeen 0 1 1 -1 2 6 4 0 1 0 2/5 24:20 1:40 4:36
Brett Sterling 1 0 1 -1 0 1 1 1 1 0 0/0 11:33 0:00 3:04
Clayton Stoner 0 1 1 -1 2 0 0 0 0 0 0/0 11:06 0:00 1:44
Cody Hodgson 0 0 0 0 0 2 0 0 0 0 1/2 6:03 0:00 0:00
Dylan Hunter 0 0 0 0 0 0 1 0 0 0 0/1 6:44 0:00 0:40
Erik Karlsson 0 0 0 0 0 1 0 0 0 0 0/0 12:10 0:00 3:05
Gilbert Brule 3 0 3 -1 0 7 0 1 0 0 20/35 24:38 1:41 4:28
Jack Skille 0 1 1 -1 0 0 0 0 1 0 0/1 8:51 0:00 0:00
Josh Hennessy 0 0 0 -1 0 1 0 0 1 0 5/17 14:43 1:36 0:41
Logan Stephenson 0 0 0 -1 0 0 1 1 0 0 0/0 20:20 1:14 4:15
Milan Jurcina 0 1 1 -1 5 0 3 2 1 0 0/0 18:30 1:14 2:26
Nikolai Kulemin 0 1 1 0 0 3 1 0 1 0 1/2 22:40 1:41 3:17
Ryan Parent 0 1 1 -2 0 0 3 0 0 1 0/0 29:24 2:03 5:32
Stanislav Chistov 0 0 0 -1 2 1 0 0 1 0 0/1 16:47 1:36 2:43
Steven Goertzen 0 0 0 0 0 2 0 0 0 0 0/1 6:24 0:00 0:02
Travis Moen 0 0 0 -1 0 0 0 0 0 0 0/0 14:02 1:36 0:00
Vladimir Mihalik 0 0 0 -2 2 2 4 1 1 3 0/0 28:20 2:03 4:22
3 Stars
1 - Petr Pohl (Det)
2 - Nick Spaling (Det)
3 - Gilbert Brule (BIN)
Power Play
Tamiflu - 1 on 5 Attempt(s) - 20,00%
Senators - 0 on 2 Attempt(s) - 0,00%
Penalty Kill
Tamiflu - 2 on 2 Attempt(s) - 100,00%
- Score 0 goal in Penalty Kill
Senators - 4 on 5 Attempt(s) - 80,00%
- Score 0 goal in Penalty Kill
Official
Referees : O'Halloran Dan and Lee Chris
Linesman : Brian Murphy and Don Henderson
Game Notes
Gilbert Brule has scored a Hat Trick!
Finance
Level 1 -- Attendance: 1407 (70,35%) -- Ticket Income 49 245 $
Level 2 -- Attendance: 829 (82,90%) -- Ticket Income 12 435 $
Total Attendance: 2236 (74,53%)
Total Ticket Income: 61 680 $
Other Income: 3 084 $
Total Income: 64 764 $
Tamiflu
5 vs 5 Forward
Center Left Wing Right Wing Time % Phy DF OF
1 Greg Mauldin Alex Picard Mike Brown 40 1 2 2
2 Adam Henrique Jani Rita David Clarkson 30 1 2 2
3 Colin Greening Nick Spaling Petr Pohl 20 1 2 2
4 Casey Wellman Jan Mursak Mattias Tedenby 10 1 2 2
5 vs 5 Defense
Defense Defense Time % Phy DF OF
1 Jonathan Sigalet Pavel Trnka 40 1 2 2
2 Nathan Oystrick Jordan Hendry 30 1 2 2
3 Johan Fransson Kyle Lawson 20 1 2 2
4 Justin Braun Cody Goloubef 10 1 2 2
PowerPlay Forward
Center Left Wing Right Wing Time % Phy DF OF
1 Greg Mauldin Alex Picard Mike Brown 60 1 2 2
2 Adam Henrique Jani Rita David Clarkson 40 1 2 2
PowerPlay Defense
Defense Defense Time % Phy DF OF
1 Jonathan Sigalet Pavel Trnka 60 1 2 2
2 Nathan Oystrick Jordan Hendry 40 1 2 2
Penalty Kill 4 Players Forward
Center Wing Time % Phy DF OF
1 Alex Picard Jani Rita 60 1 2 2
2 Mike Brown David Clarkson 40 1 2 2
Penalty Kill 4 Players Defense
Defense Defense Time % Phy DF OF
1 Jonathan Sigalet Pavel Trnka 60 1 2 2
2 Nathan Oystrick Jordan Hendry 40 1 2 2
Penalty Kill - 3 Players Forward
Forward Time % Phy DF OF
1 Alex Picard 60 1 2 2
2 Jani Rita 40 1 2 2
Penalty Kill - 3 Players Defense
Defense Defense Time % Phy DF OF
1 Jonathan Sigalet Pavel Trnka 60 1 2 2
2 Nathan Oystrick Jordan Hendry 40 1 2 2
4 vs 4 Forward
Center Wing Time % Phy DF OF
1 Alex Picard Jani Rita 60 1 2 2
2 Mike Brown David Clarkson 40 1 2 2
4 vs 4 Defense
Defense Defense Time % Phy DF OF
1 Jonathan Sigalet Pavel Trnka 60 1 2 2
2 Nathan Oystrick Jordan Hendry 40 1 2 2
Last Minutes Offensive
Center Left Wing Right Wing Defense Defense
Greg Mauldin Alex Picard Mike Brown Jonathan Sigalet Pavel Trnka
Last Minutes Defensive
Center Left Wing Right Wing Defense Defense
Greg Mauldin Alex Picard Mike Brown Jonathan Sigalet Pavel Trnka
Goaltenders
Starting : Mike McKenna
Backup : Thomas Greiss
Extra Forwards
Normal : Petr Pohl, Nick Spaling, Colin Greening - PP : Petr Pohl, Nick Spaling - PK : Colin Greening
Extra Defensemen
Normal : Johan Fransson, Kyle Lawson, Justin Braun - PP : Johan Fransson - PK : Kyle Lawson, Justin Braun
Penalty Shots
Alex Picard, Jani Rita, Mike Brown, David Clarkson, Greg Mauldin
Senators
5 vs 5 Forward
Center Left Wing Right Wing Time % Phy DF OF
1 Gilbert Brule Nikolai Kulemin B.J. Crombeen 40 1 2 2
2 Josh Hennessy Travis Moen Stanislav Chistov 30 1 2 2
3 Andrew Murray Brett Sterling Jack Skille 20 1 2 2
4 Cody Hodgson Dylan Hunter Steven Goertzen 10 1 2 2
5 vs 5 Defense
Defense Defense Time % Phy DF OF
1 Ryan Parent Vladimir Mihalik 40 1 2 2
2 Milan Jurcina Logan Stephenson 30 1 2 2
3 Clayton Stoner Erik Karlsson 20 1 2 2
4 Ryan Parent Vladimir Mihalik 10 1 2 2
PowerPlay Forward
Center Left Wing Right Wing Time % Phy DF OF
1 Gilbert Brule Nikolai Kulemin B.J. Crombeen 60 1 2 2
2 Josh Hennessy Travis Moen Stanislav Chistov 40 1 2 2
PowerPlay Defense
Defense Defense Time % Phy DF OF
1 Ryan Parent Vladimir Mihalik 60 1 2 2
2 Milan Jurcina Logan Stephenson 40 1 2 2
Penalty Kill 4 Players Forward
Center Wing Time % Phy DF OF
1 B.J. Crombeen Gilbert Brule 60 1 2 2
2 Nikolai Kulemin Stanislav Chistov 40 1 2 2
Penalty Kill 4 Players Defense
Defense Defense Time % Phy DF OF
1 Ryan Parent Vladimir Mihalik 60 1 2 2
2 Milan Jurcina Logan Stephenson 40 1 2 2
Penalty Kill - 3 Players Forward
Forward Time % Phy DF OF
1 B.J. Crombeen 60 1 2 2
2 Gilbert Brule 40 1 2 2
Penalty Kill - 3 Players Defense
Defense Defense Time % Phy DF OF
1 Ryan Parent Vladimir Mihalik 60 1 2 2
2 Milan Jurcina Logan Stephenson 40 1 2 2
4 vs 4 Forward
Center Wing Time % Phy DF OF
1 B.J. Crombeen Gilbert Brule 60 1 2 2
2 Nikolai Kulemin Stanislav Chistov 40 1 2 2
4 vs 4 Defense
Defense Defense Time % Phy DF OF
1 Ryan Parent Vladimir Mihalik 60 1 2 2
2 Milan Jurcina Logan Stephenson 40 1 2 2
Last Minutes Offensive
Center Left Wing Right Wing Defense Defense
Gilbert Brule Nikolai Kulemin B.J. Crombeen Ryan Parent Vladimir Mihalik
Last Minutes Defensive
Center Left Wing Right Wing Defense Defense
Gilbert Brule Nikolai Kulemin B.J. Crombeen Ryan Parent Vladimir Mihalik
Goaltenders
Starting : Jason LaBarbera
Backup : Jacob Markstrom
Extra Forwards
Normal : Jack Skille, Steven Goertzen, Andrew Murray - PP : Jack Skille, Steven Goertzen - PK : Andrew Murray
Extra Defensemen
Normal : Clayton Stoner, Erik Karlsson, Milan Jurcina - PP : Clayton Stoner - PK : Erik Karlsson, Milan Jurcina
Penalty Shots
B.J. Crombeen, Gilbert Brule, Nikolai Kulemin, Stanislav Chistov, Jack Skille
% Time on Ice - Tamiflu
Lines # - Real PCT - Wanted PCT - Time Play
Normal Forward
1 - 37% - 40% - 16:32
2 - 27% - 30% - 11:58
3 - 20% - 20% - 9:03
4 - 17% - 10% - 7:31
Normal Defense
1 - 41% - 40% - 18:28
2 - 29% - 30% - 12:58
3 - 19% - 20% - 8:27
4 - 12% - 10% - 5:11
PP Forward
1 - 57% - 60% - 6:12
2 - 43% - 40% - 4:46
PP Defense
1 - 52% - 60% - 5:42
2 - 48% - 40% - 5:16
PK Forward
1 - 72% - 60% - 2:22
2 - 28% - 40% - 0:55
PK Defense
1 - 67% - 60% - 2:12
2 - 33% - 40% - 1:05
PK3 Forward
1 - 0% - 60%
2 - 0% - 40%
PK3 Defense
1 - 0% - 60%
2 - 0% - 40%
44 Forward
1 - 80% - 60% - 0:33
2 - 20% - 40% - 0:08
44 Defense
1 - 90% - 60% - 0:37
2 - 10% - 40% - 0:04
Last Minute Offensive - 0:00
Last Minute Defensive - 0:00
Total
Forward - 60:00
Defense - 60:00
|
% Time on Ice - Senators
Lines # - Real PCT - Wanted PCT - Time Play
Normal Forward
1 - 40% - 40% - 18:04
2 - 28% - 30% - 12:28
3 - 19% - 20% - 8:29
4 - 13% - 10% - 6:03
Normal Defense
1 - 42% - 40% - 19:07
2 - 33% - 30% - 14:39
3 - 20% - 20% - 9:05
4 - 5% - 10% - 2:13
PP Forward
1 - 51% - 60% - 1:41
2 - 49% - 40% - 1:36
PP Defense
1 - 62% - 60% - 2:03
2 - 38% - 40% - 1:14
PK Forward
1 - 70% - 60% - 7:41
2 - 30% - 40% - 3:17
PK Defense
1 - 50% - 60% - 5:32
2 - 50% - 40% - 5:26
PK3 Forward
1 - 0% - 60%
2 - 0% - 40%
PK3 Defense
1 - 0% - 60%
2 - 0% - 40%
44 Forward
1 - 100% - 60% - 0:41
2 - 0% - 40% - 0:00
44 Defense
1 - 71% - 60% - 0:29
2 - 29% - 40% - 0:12
Last Minute Offensive - 0:00
Last Minute Defensive - 0:00
Total
Forward - 60:00
Defense - 60:00
|
Play by Play
1st period
0:01 of 1st period - Gilbert Brule wins face-off versus Greg Mauldin in neutral zone.
0:22 of 1st period - Alex Picard is hit by Vladimir Mihalik and loses puck.
0:38 of 1st period - Icing by Jonathan Sigalet.
0:39 of 1st period - Andrew Murray wins face-off versus Adam Henrique in Tamiflu zone.
1:49 of 1st period - Slapshot by Pavel Trnka.
1:49 of 1st period - Stopped by Jason LaBarbera without a rebound.
1:50 of 1st period - Gilbert Brule wins face-off versus Greg Mauldin in Senators zone.
1:50 of 1st period - Gilbert Brule is hit by Alex Picard.
3:03 of 1st period - Snap shot by Nick Spaling.
3:03 of 1st period - Stopped by Jason LaBarbera with a rebound.
3:05 of 1st period - Snap shot by Johan Fransson.
3:05 of 1st period - Shot Misses the Net.
3:07 of 1st period - Wrist shot by Nick Spaling.
3:07 of 1st period - Shot Misses the Net.
3:21 of 1st period - Snap shot by Greg Mauldin.
3:21 of 1st period - Shot Blocked by Milan Jurcina.
3:23 of 1st period - Slapshot by Greg Mauldin.
3:23 of 1st period - Shot Misses the Net.
3:27 of 1st period - Slapshot by Mike Brown.
3:27 of 1st period - Shot Blocked by Logan Stephenson.
3:55 of 1st period - Off-side.
3:56 of 1st period - Andrew Murray wins face-off versus Casey Wellman in neutral zone.
3:58 of 1st period - Off-side.
3:59 of 1st period - Casey Wellman wins face-off versus Andrew Murray in neutral zone.
4:09 of 1st period - Off-side.
4:10 of 1st period - Gilbert Brule wins face-off versus Alex Picard in neutral zone.
4:23 of 1st period - Slapshot by Alex Picard.
4:23 of 1st period - Shot Misses the Net.
4:25 of 1st period - Snap shot by Greg Mauldin.
4:25 of 1st period - Goal by Greg Mauldin - Tamiflu : 1 - Senators : 0.
4:26 of 1st period - Gilbert Brule wins face-off versus Greg Mauldin in neutral zone.
4:29 of 1st period - Greg Mauldin is hit by B.J. Crombeen and loses puck.
4:38 of 1st period - Wrist shot by B.J. Crombeen.
4:38 of 1st period - Stopped by Mike McKenna without a rebound.
4:39 of 1st period - Josh Hennessy wins face-off versus Adam Henrique in Tamiflu zone.
4:42 of 1st period - Wrist shot by Stanislav Chistov.
4:42 of 1st period - Stopped by Mike McKenna with a rebound.
4:44 of 1st period - Slapshot by Ryan Parent.
4:44 of 1st period - Deflect By Travis Moen.
4:44 of 1st period - Shot Misses the Net.
4:44 of 1st period - Puck is out of play.
4:45 of 1st period - Adam Henrique wins face-off versus Josh Hennessy in Tamiflu zone.
4:45 of 1st period - Adam Henrique is hit by Ryan Parent.
5:37 of 1st period - Snap shot by Jan Mursak.
5:37 of 1st period - Stopped by Jason LaBarbera without a rebound.
5:38 of 1st period - Casey Wellman wins face-off versus Andrew Murray in Senators zone.
5:41 of 1st period - Wrist shot by Mattias Tedenby.
5:41 of 1st period - Stopped by Jason LaBarbera with a rebound.
5:45 of 1st period - Slapshot by Mattias Tedenby.
5:45 of 1st period - Shot Misses the Net.
5:57 of 1st period - Slapshot by Pavel Trnka.
5:57 of 1st period - Stopped by Jason LaBarbera without a rebound.
5:58 of 1st period - Greg Mauldin wins face-off versus Josh Hennessy in Senators zone.
6:23 of 1st period - Erik Karlsson is hit by Petr Pohl and loses puck.
6:31 of 1st period - Off-side.
6:32 of 1st period - Adam Henrique wins face-off versus Josh Hennessy in neutral zone.
7:18 of 1st period - Justin Braun is hit by Ryan Parent and loses puck.
7:42 of 1st period - Wrist shot by Cody Hodgson.
7:42 of 1st period - Stopped by Mike McKenna without a rebound.
7:43 of 1st period - Cody Hodgson wins face-off versus Adam Henrique in Tamiflu zone.
7:49 of 1st period - Off-side.
7:50 of 1st period - Adam Henrique wins face-off versus Gilbert Brule in neutral zone.
8:47 of 1st period - Jordan Hendry is hit by Andrew Murray and loses puck.
9:03 of 1st period - Off-side.
9:04 of 1st period - Colin Greening wins face-off versus B.J. Crombeen in neutral zone.
10:06 of 1st period - Slapshot by Petr Pohl.
10:06 of 1st period - Shot Misses the Net.
10:08 of 1st period - Slapshot by Kyle Lawson.
10:08 of 1st period - Stopped by Jason LaBarbera without a rebound.
10:09 of 1st period - Mike Brown wins face-off versus Josh Hennessy in Senators zone.
10:25 of 1st period - Minor Penalty to Stanislav Chistov for Hooking.
10:26 of 1st period - B.J. Crombeen wins face-off versus Greg Mauldin in Senators zone.
10:26 of 1st period - B.J. Crombeen is hit by Greg Mauldin.
10:44 of 1st period - B.J. Crombeen is hit by Greg Mauldin and loses puck.
11:05 of 1st period - Snap shot by Jani Rita.
11:05 of 1st period - Stopped by Jason LaBarbera with a rebound.
11:57 of 1st period - Vladimir Mihalik is hit by Mike Brown.
12:25 of 1st period - Penalty to Stanislav Chistov is over, Stanislav Chistov is back on ice.
12:46 of 1st period - Steven Goertzen is hit by Nathan Oystrick.
13:17 of 1st period - Casey Wellman is hit by Brett Sterling.
13:47 of 1st period - Wrist shot by Cody Hodgson.
13:47 of 1st period - Stopped by Mike McKenna with a rebound.
15:33 of 1st period - Slapshot by Steven Goertzen.
15:33 of 1st period - Stopped by Mike McKenna with a rebound.
15:36 of 1st period - Icing by Pavel Trnka.
15:37 of 1st period - Casey Wellman wins face-off versus Josh Hennessy in Tamiflu zone.
16:24 of 1st period - Snap shot by Mike Brown.
16:24 of 1st period - Stopped by Jason LaBarbera without a rebound.
16:25 of 1st period - Gilbert Brule wins face-off versus Adam Henrique in Senators zone.
16:25 of 1st period - Gilbert Brule is hit by Jani Rita.
16:55 of 1st period - Off-side.
16:56 of 1st period - Alex Picard wins face-off versus Josh Hennessy in neutral zone.
17:09 of 1st period - Slapshot by Josh Hennessy.
17:09 of 1st period - Stopped by Mike McKenna with a rebound.
17:21 of 1st period - Kyle Lawson is hit by B.J. Crombeen and loses puck.
17:30 of 1st period - B.J. Crombeen is hit by Jani Rita and loses puck.
17:41 of 1st period - Snap shot by Mattias Tedenby.
17:41 of 1st period - Stopped by Jason LaBarbera without a rebound.
17:42 of 1st period - Andrew Murray wins face-off versus Casey Wellman in Senators zone.
17:47 of 1st period - Slapshot by Jack Skille.
17:47 of 1st period - Shot Blocked by Pavel Trnka.
18:50 of 1st period - Wrist shot by Jani Rita.
18:50 of 1st period - Deflect By Adam Henrique.
18:50 of 1st period - Shot Misses the Net.
18:50 of 1st period - Puck is out of play.
18:51 of 1st period - Adam Henrique wins face-off versus Gilbert Brule in Senators zone.
18:52 of 1st period - Snap shot by Jani Rita.
18:52 of 1st period - Shot Misses the Net.
19:39 of 1st period - Wrist shot by Petr Pohl.
19:39 of 1st period - Stopped by Jason LaBarbera with a rebound.
Goals for this period are 1 for Tamiflu vs 0 for Senators.
Shots for this period are 11 for Tamiflu vs 6 for Senators.
2nd period
0:01 of 2nd period - Gilbert Brule wins face-off versus Greg Mauldin in neutral zone.
0:06 of 2nd period - Wrist shot by B.J. Crombeen.
0:06 of 2nd period - Stopped by Mike McKenna without a rebound.
0:07 of 2nd period - Greg Mauldin wins face-off versus Gilbert Brule in Tamiflu zone.
0:45 of 2nd period - Wrist shot by Alex Picard.
0:45 of 2nd period - Stopped by Jason LaBarbera with a rebound.
0:47 of 2nd period - Slapshot by Pavel Trnka.
0:47 of 2nd period - Stopped by Jason LaBarbera with a rebound.
0:49 of 2nd period - Slapshot by Jonathan Sigalet.
0:49 of 2nd period - Deflect By Alex Picard.
0:49 of 2nd period - Stopped by Jason LaBarbera without a rebound.
0:50 of 2nd period - Adam Henrique wins face-off versus Josh Hennessy in Senators zone.
1:17 of 2nd period - Milan Jurcina is hit by Petr Pohl and loses puck.
1:38 of 2nd period - Slapshot by Steven Goertzen.
1:38 of 2nd period - Stopped by Mike McKenna with a rebound.
2:02 of 2nd period - Icing by Ryan Parent.
2:03 of 2nd period - Josh Hennessy wins face-off versus Adam Henrique in Senators zone.
2:54 of 2nd period - Wrist shot by Pavel Trnka.
2:54 of 2nd period - Stopped by Jason LaBarbera with a rebound.
2:56 of 2nd period - Slapshot by Colin Greening.
2:56 of 2nd period - Shot Misses the Net.
2:58 of 2nd period - Slapshot by Pavel Trnka.
2:58 of 2nd period - Deflect By Nick Spaling.
2:58 of 2nd period - Goal by Nick Spaling - Tamiflu : 2 - Senators : 0.
2:59 of 2nd period - Gilbert Brule wins face-off versus Greg Mauldin in neutral zone.
3:24 of 2nd period - Jordan Hendry is hit by Vladimir Mihalik and loses puck.
3:49 of 2nd period - Backhand shot by Petr Pohl.
3:49 of 2nd period - Stopped by Jason LaBarbera without a rebound.
3:50 of 2nd period - Gilbert Brule wins face-off versus Greg Mauldin in Senators zone.
3:59 of 2nd period - Slapshot by Gilbert Brule.
3:59 of 2nd period - Stopped by Mike McKenna with a rebound.
4:48 of 2nd period - Wrist shot by Adam Henrique.
4:48 of 2nd period - Shot Blocked by Brett Sterling.
4:54 of 2nd period - Minor Penalty to Clayton Stoner for Roughing.
4:55 of 2nd period - B.J. Crombeen wins face-off versus Greg Mauldin in Senators zone.
5:20 of 2nd period - Ryan Parent is hit by David Clarkson and loses puck.
6:13 of 2nd period - Slapshot by Andrew Murray.
6:13 of 2nd period - Stopped by Mike McKenna with a rebound.
6:54 of 2nd period - Penalty to Clayton Stoner is over, Clayton Stoner is back on ice.
7:01 of 2nd period - Snap shot by Mattias Tedenby.
7:01 of 2nd period - Shot Blocked by Milan Jurcina.
7:03 of 2nd period - Slapshot by Jan Mursak.
7:03 of 2nd period - Stopped by Jason LaBarbera with a rebound.
7:05 of 2nd period - Snap shot by Jan Mursak.
7:05 of 2nd period - Stopped by Jason LaBarbera with a rebound.
7:07 of 2nd period - Snap shot by Mattias Tedenby.
7:07 of 2nd period - Stopped by Jason LaBarbera with a rebound.
7:09 of 2nd period - Snap shot by Jan Mursak.
7:09 of 2nd period - Goal by Jan Mursak - Tamiflu : 3 - Senators : 0.
7:10 of 2nd period - Greg Mauldin wins face-off versus Josh Hennessy in neutral zone.
7:21 of 2nd period - Wrist shot by Alex Picard.
7:21 of 2nd period - Stopped by Jason LaBarbera with a rebound.
7:23 of 2nd period - Snap shot by Mike Brown.
7:23 of 2nd period - Goal by Mike Brown - Tamiflu : 4 - Senators : 0.
7:24 of 2nd period - Gilbert Brule wins face-off versus Greg Mauldin in neutral zone.
7:35 of 2nd period - Backhand shot by B.J. Crombeen.
7:35 of 2nd period - Stopped by Mike McKenna with a rebound.
7:37 of 2nd period - Wrist shot by Nikolai Kulemin.
7:37 of 2nd period - Stopped by Mike McKenna without a rebound.
7:38 of 2nd period - Gilbert Brule wins face-off versus Adam Henrique in Tamiflu zone.
7:51 of 2nd period - Wrist shot by Nikolai Kulemin.
7:51 of 2nd period - Stopped by Mike McKenna without a rebound.
7:52 of 2nd period - Josh Hennessy wins face-off versus Mike Brown in Tamiflu zone.
8:19 of 2nd period - Vladimir Mihalik is hit by Pavel Trnka and loses puck.
8:25 of 2nd period - Icing by Gilbert Brule.
8:26 of 2nd period - Gilbert Brule wins face-off versus Adam Henrique in Senators zone.
8:33 of 2nd period - Wrist shot by David Clarkson.
8:33 of 2nd period - Shot Misses the Net.
8:43 of 2nd period - Snap shot by Gilbert Brule.
8:43 of 2nd period - Shot Blocked by Adam Henrique.
8:49 of 2nd period - Snap shot by B.J. Crombeen.
8:49 of 2nd period - Stopped by Mike McKenna with a rebound.
8:51 of 2nd period - Wrist shot by Gilbert Brule.
8:51 of 2nd period - Stopped by Mike McKenna with a rebound.
8:53 of 2nd period - Wrist shot by Gilbert Brule.
8:53 of 2nd period - Goal by Gilbert Brule - Tamiflu : 4 - Senators : 1.
8:54 of 2nd period - Greg Mauldin wins face-off versus Gilbert Brule in neutral zone.
9:03 of 2nd period - Slapshot by Alex Picard.
9:03 of 2nd period - Shot Blocked by Vladimir Mihalik.
9:05 of 2nd period - Snap shot by Jonathan Sigalet.
9:05 of 2nd period - Stopped by Jason LaBarbera without a rebound.
9:06 of 2nd period - Gilbert Brule wins face-off versus Greg Mauldin in Senators zone.
9:14 of 2nd period - Icing by B.J. Crombeen.
9:15 of 2nd period - Gilbert Brule wins face-off versus Greg Mauldin in Senators zone.
9:34 of 2nd period - Wrist shot by B.J. Crombeen.
9:34 of 2nd period - Deflect By Gilbert Brule.
9:34 of 2nd period - Shot Misses the Net.
9:34 of 2nd period - Puck is out of play.
9:35 of 2nd period - Jani Rita wins face-off versus Josh Hennessy in Tamiflu zone.
9:45 of 2nd period - Wrist shot by Stanislav Chistov.
9:45 of 2nd period - Shot Blocked by Pavel Trnka.
9:47 of 2nd period - Slapshot by Logan Stephenson.
9:47 of 2nd period - Shot Blocked by Pavel Trnka.
9:49 of 2nd period - Slapshot by Josh Hennessy.
9:49 of 2nd period - Shot Misses the Net.
9:51 of 2nd period - Snap shot by Logan Stephenson.
9:51 of 2nd period - Shot Misses the Net.
10:01 of 2nd period - Greg Mauldin is hit by Nikolai Kulemin and loses puck.
10:10 of 2nd period - Wrist shot by B.J. Crombeen.
10:10 of 2nd period - Stopped by Mike McKenna with a rebound.
10:54 of 2nd period - Slapshot by Ryan Parent.
10:54 of 2nd period - Shot Blocked by Nathan Oystrick.
11:28 of 2nd period - Slapshot by Greg Mauldin.
11:28 of 2nd period - Stopped by Jason LaBarbera with a rebound.
11:30 of 2nd period - Snap shot by Mike Brown.
11:30 of 2nd period - Stopped by Jason LaBarbera with a rebound.
12:18 of 2nd period - Kyle Lawson is hit by Dylan Hunter and loses puck.
12:31 of 2nd period - Casey Wellman is hit by Milan Jurcina and loses puck.
12:46 of 2nd period - Major Penalty to Milan Jurcina for Checking from behind.
12:47 of 2nd period - Greg Mauldin wins face-off versus B.J. Crombeen in Senators zone.
17:46 of 2nd period - Penalty to Milan Jurcina is over, Milan Jurcina is back on ice.
18:14 of 2nd period - Snap shot by Petr Pohl.
18:14 of 2nd period - Stopped by Jason LaBarbera without a rebound.
18:15 of 2nd period - Colin Greening wins face-off versus Josh Hennessy in Senators zone.
18:28 of 2nd period - Slapshot by Petr Pohl.
18:28 of 2nd period - Shot Misses the Net.
19:05 of 2nd period - Icing by Erik Karlsson.
19:06 of 2nd period - Greg Mauldin wins face-off versus Dylan Hunter in Senators zone.
19:11 of 2nd period - Snap shot by Alex Picard.
19:11 of 2nd period - Stopped by Jason LaBarbera with a rebound.
19:13 of 2nd period - Snap shot by Greg Mauldin.
19:13 of 2nd period - Stopped by Jason LaBarbera with a rebound.
19:15 of 2nd period - Slapshot by Greg Mauldin.
19:15 of 2nd period - Shot Hit the Post.
Goals for this period are 3 for Tamiflu vs 1 for Senators.
Shots for this period are 18 for Tamiflu vs 11 for Senators.
3rd period
0:01 of 3rd period - Gilbert Brule wins face-off versus Greg Mauldin in neutral zone.
0:06 of 3rd period - Wrist shot by B.J. Crombeen.
0:06 of 3rd period - Shot Blocked by Alex Picard.
0:08 of 3rd period - Slapshot by Vladimir Mihalik.
0:08 of 3rd period - Stopped by Mike McKenna without a rebound.
0:09 of 3rd period - Gilbert Brule wins face-off versus Greg Mauldin in Tamiflu zone.
0:15 of 3rd period - Minor Penalty to Mike Brown for Hooking.
0:16 of 3rd period - Gilbert Brule wins face-off versus Alex Picard in Tamiflu zone.
0:20 of 3rd period - Slapshot by Gilbert Brule.
0:20 of 3rd period - Stopped by Mike McKenna without a rebound.
0:21 of 3rd period - Jani Rita wins face-off versus Gilbert Brule in Tamiflu zone.
2:15 of 3rd period - Penalty to Mike Brown is over, Mike Brown is back on ice.
2:46 of 3rd period - Slapshot by Erik Karlsson.
2:46 of 3rd period - Deflect By Petr Pohl.
2:46 of 3rd period - Stopped by Mike McKenna with a rebound.
3:04 of 3rd period - Logan Stephenson is hit by David Clarkson and loses puck.
3:29 of 3rd period - Wrist shot by Colin Greening.
3:29 of 3rd period - Shot Misses the Net.
3:31 of 3rd period - Snap shot by Petr Pohl.
3:31 of 3rd period - Stopped by Jason LaBarbera with a rebound.
3:41 of 3rd period - Wrist shot by Brett Sterling.
3:41 of 3rd period - Shot Misses the Net.
3:55 of 3rd period - Wrist shot by Adam Henrique.
3:55 of 3rd period - Stopped by Jason LaBarbera with a rebound.
3:57 of 3rd period - Slapshot by Adam Henrique.
3:57 of 3rd period - Shot Blocked by Gilbert Brule.
4:11 of 3rd period - Slapshot by Milan Jurcina.
4:11 of 3rd period - Deflect By Cody Hodgson.
4:11 of 3rd period - Shot Misses the Net.
4:11 of 3rd period - Puck is out of play.
4:12 of 3rd period - Casey Wellman wins face-off versus Cody Hodgson in Tamiflu zone.
5:02 of 3rd period - Nikolai Kulemin is hit by Alex Picard and loses puck.
5:41 of 3rd period - Nick Spaling is hit by Logan Stephenson and loses puck.
6:24 of 3rd period - Wrist shot by Gilbert Brule.
6:24 of 3rd period - Stopped by Mike McKenna without a rebound.
6:25 of 3rd period - Greg Mauldin wins face-off versus Gilbert Brule in Tamiflu zone.
6:32 of 3rd period - Slapshot by Pavel Trnka.
6:32 of 3rd period - Deflect By B.J. Crombeen.
6:32 of 3rd period - Stopped by Jason LaBarbera without a rebound.
6:33 of 3rd period - Gilbert Brule wins face-off versus Greg Mauldin in Senators zone.
6:35 of 3rd period - Icing by Nikolai Kulemin.
6:36 of 3rd period - Greg Mauldin wins face-off versus Gilbert Brule in Senators zone.
6:43 of 3rd period - Slapshot by Alex Picard.
6:43 of 3rd period - Stopped by Jason LaBarbera without a rebound.
6:44 of 3rd period - Gilbert Brule wins face-off versus Greg Mauldin in Senators zone.
6:44 of 3rd period - Gilbert Brule is hit by Alex Picard.
6:56 of 3rd period - Snap shot by Gilbert Brule.
6:56 of 3rd period - Shot Misses the Net.
6:58 of 3rd period - Snap shot by Nikolai Kulemin.
6:58 of 3rd period - Shot Blocked by Pavel Trnka.
7:00 of 3rd period - Snap shot by Gilbert Brule.
7:00 of 3rd period - Goal by Gilbert Brule - Tamiflu : 4 - Senators : 2.
7:01 of 3rd period - Greg Mauldin wins face-off versus Gilbert Brule in neutral zone.
7:04 of 3rd period - Slapshot by Alex Picard.
7:04 of 3rd period - Stopped by Jason LaBarbera with a rebound.
7:37 of 3rd period - Jonathan Sigalet is hit by Milan Jurcina and loses puck.
7:48 of 3rd period - Wrist shot by Pavel Trnka.
7:48 of 3rd period - Goal by Pavel Trnka - Tamiflu : 5 - Senators : 2.
7:49 of 3rd period - Greg Mauldin wins face-off versus Gilbert Brule in neutral zone.
8:11 of 3rd period - Icing by Jordan Hendry.
8:12 of 3rd period - Greg Mauldin wins face-off versus Stanislav Chistov in Tamiflu zone.
8:33 of 3rd period - Icing by Travis Moen.
8:34 of 3rd period - Josh Hennessy wins face-off versus Greg Mauldin in Senators zone.
8:34 of 3rd period - Josh Hennessy is hit by Greg Mauldin.
8:39 of 3rd period - Off-side.
8:40 of 3rd period - Greg Mauldin wins face-off versus Gilbert Brule in neutral zone.
8:48 of 3rd period - Icing by B.J. Crombeen.
8:49 of 3rd period - Greg Mauldin wins face-off versus Gilbert Brule in Senators zone.
8:52 of 3rd period - Slapshot by Alex Picard.
8:52 of 3rd period - Goal by Alex Picard - Tamiflu : 6 - Senators : 2.
8:53 of 3rd period - Greg Mauldin wins face-off versus Nikolai Kulemin in neutral zone.
9:20 of 3rd period - Minor Penalty to Mike Brown for High sticking.
9:21 of 3rd period - Gilbert Brule wins face-off versus Alex Picard in Tamiflu zone.
9:22 of 3rd period - Snap shot by B.J. Crombeen.
9:22 of 3rd period - Shot Blocked by Pavel Trnka.
9:24 of 3rd period - Backhand shot by Vladimir Mihalik.
9:24 of 3rd period - Stopped by Mike McKenna with a rebound.
10:38 of 3rd period - Minor Penalty to B.J. Crombeen for Roughing.
10:39 of 3rd period - Alex Picard wins face-off versus Jack Skille in Senators zone.
11:15 of 3rd period - Slapshot by Jonathan Sigalet.
11:15 of 3rd period - Stopped by Jason LaBarbera without a rebound.
11:16 of 3rd period - Petr Pohl wins face-off versus Steven Goertzen in Senators zone.
11:19 of 3rd period - Slapshot by Jordan Hendry.
11:19 of 3rd period - Shot Misses the Net.
11:20 of 3rd period - Penalty to Mike Brown is over, Mike Brown is back on ice.
11:21 of 3rd period - Slapshot by Jordan Hendry.
11:21 of 3rd period - Deflect By Petr Pohl.
11:21 of 3rd period - Goal by Petr Pohl - Tamiflu : 7 - Senators : 2.
11:22 of 3rd period - Gilbert Brule wins face-off versus Greg Mauldin in neutral zone.
11:25 of 3rd period - Snap shot by Ryan Parent.
11:25 of 3rd period - Deflect By Nikolai Kulemin.
11:25 of 3rd period - Shot Blocked by Pavel Trnka.
11:25 of 3rd period - Puck is out of play.
11:26 of 3rd period - Alex Picard wins face-off versus Gilbert Brule in Tamiflu zone.
11:26 of 3rd period - Alex Picard is hit by Vladimir Mihalik.
11:36 of 3rd period - Snap shot by Mike Brown.
11:36 of 3rd period - Stopped by Jason LaBarbera with a rebound.
11:40 of 3rd period - Wrist shot by Mike Brown.
11:40 of 3rd period - Stopped by Jason LaBarbera with a rebound.
11:58 of 3rd period - Nikolai Kulemin is hit by Petr Pohl and loses puck.
12:05 of 3rd period - Snap shot by Nick Spaling.
12:05 of 3rd period - Goal by Nick Spaling - Tamiflu : 8 - Senators : 2.
12:06 of 3rd period - Greg Mauldin wins face-off versus Josh Hennessy in neutral zone.
12:35 of 3rd period - Snap shot by Travis Moen.
12:35 of 3rd period - Shot Misses the Net.
13:03 of 3rd period - Slapshot by Ryan Parent.
13:03 of 3rd period - Shot Misses the Net.
13:17 of 3rd period - Wrist shot by Alex Picard.
13:17 of 3rd period - Stopped by Jason LaBarbera without a rebound.
13:18 of 3rd period - Greg Mauldin wins face-off versus Andrew Murray in Senators zone.
13:51 of 3rd period - Kyle Lawson is hit by B.J. Crombeen and loses puck.
14:06 of 3rd period - Steven Goertzen is hit by Nick Spaling.
14:25 of 3rd period - Off-side.
14:26 of 3rd period - Casey Wellman wins face-off versus Andrew Murray in neutral zone.
14:33 of 3rd period - Snap shot by Jordan Hendry.
14:33 of 3rd period - Stopped by Jason LaBarbera without a rebound.
14:34 of 3rd period - Greg Mauldin wins face-off versus Gilbert Brule in Senators zone.
14:47 of 3rd period - Wrist shot by Mike Brown.
14:47 of 3rd period - Shot Hit the Post.
14:49 of 3rd period - Snap shot by Alex Picard.
14:49 of 3rd period - Deflect By Ryan Parent.
14:49 of 3rd period - Shot Misses the Net.
14:49 of 3rd period - Puck is out of play.
14:50 of 3rd period - Josh Hennessy wins face-off versus Adam Henrique in Senators zone.
15:03 of 3rd period - Jonathan Sigalet is hit by Vladimir Mihalik and loses puck.
15:06 of 3rd period - Slapshot by Jonathan Sigalet.
15:06 of 3rd period - Stopped by Jason LaBarbera with a rebound.
15:16 of 3rd period - Alex Picard is hit by B.J. Crombeen.
15:19 of 3rd period - Off-side.
15:20 of 3rd period - Greg Mauldin wins face-off versus Gilbert Brule in neutral zone.
15:34 of 3rd period - Snap shot by B.J. Crombeen.
15:34 of 3rd period - Shot Misses the Net.
15:36 of 3rd period - Slapshot by Gilbert Brule.
15:36 of 3rd period - Deflect By B.J. Crombeen.
15:36 of 3rd period - Stopped by Mike McKenna with a rebound.
15:44 of 3rd period - Snap shot by Nikolai Kulemin.
15:44 of 3rd period - Stopped by Mike McKenna with a rebound.
15:46 of 3rd period - Snap shot by B.J. Crombeen.
15:46 of 3rd period - Shot Misses the Net.
15:56 of 3rd period - Snap shot by Gilbert Brule.
15:56 of 3rd period - Shot Misses the Net.
15:58 of 3rd period - Wrist shot by Gilbert Brule.
15:58 of 3rd period - Goal by Gilbert Brule - Tamiflu : 8 - Senators : 3.
15:59 of 3rd period - Adam Henrique wins face-off versus Josh Hennessy in neutral zone.
16:24 of 3rd period - Pavel Trnka is hit by Ryan Parent.
16:35 of 3rd period - Wrist shot by David Clarkson.
16:35 of 3rd period - Stopped by Jason LaBarbera without a rebound.
16:36 of 3rd period - Nikolai Kulemin wins face-off versus Greg Mauldin in Senators zone.
16:36 of 3rd period - Nikolai Kulemin is hit by Jordan Hendry.
17:02 of 3rd period - Nick Spaling is hit by Milan Jurcina and loses puck.
17:09 of 3rd period - Snap shot by Stanislav Chistov.
17:09 of 3rd period - Shot Blocked by Petr Pohl.
17:29 of 3rd period - Snap shot by Jack Skille.
17:29 of 3rd period - Shot Misses the Net.
17:31 of 3rd period - Snap shot by Andrew Murray.
17:31 of 3rd period - Deflect By Brett Sterling.
17:31 of 3rd period - Goal by Brett Sterling - Tamiflu : 8 - Senators : 4.
17:32 of 3rd period - Greg Mauldin wins face-off versus Gilbert Brule in neutral zone.
17:53 of 3rd period - Minor Penalty to Vladimir Mihalik for Hooking.
17:54 of 3rd period - Greg Mauldin wins face-off versus B.J. Crombeen in Senators zone.
19:41 of 3rd period - Wrist shot by Nikolai Kulemin.
19:41 of 3rd period - Shot Misses the Net.
19:53 of 3rd period - Penalty to Vladimir Mihalik is over, Vladimir Mihalik is back on ice.
Goals for this period are 4 for Tamiflu vs 3 for Senators.
Shots for this period are 16 for Tamiflu vs 10 for Senators.
Output by the SimonT Hockey Simulator (STHS) for François Prévost -- Original Page W3C XHTML 1.0 Valid